 Dungeon Crawl Stone Soup version 0.28-a0-2-g643f2454ad (webtiles) character file.

Game seed: 6286685218384401534

37951 octoduck the Destroyer (level 13, 0/63 HPs)
             Began as a Deep Elf Conjurer on July 18, 2021.
             Was a High Priest of Vehumet.
             Shot with a bolt by an orc knight (26 damage)
             ... on level 2 of the Orcish Mines on July 23, 2021.
             The game lasted 02:30:20 (34618 turns).

octoduck the Destroyer (Deep Elf Conjurer)         Turns: 34618, Time: 02:30:21

Health: 0/63       AC: 12    Str:  6    XL:     13   Next: 61%
Magic:  19/29      EV: 17    Int: 25    God:    Vehumet [*****.]
Gold:   1908       SH:  5    Dex: 18    Spells: 0/33 levels left

rFire   . . .      SeeInvis .   h - +9 dagger of Valiance {vorpal, rN+ Will+ Dex+3}
rCold   . . .      Faith    .   (no shield)
rNeg    + . .      Spirit   .   m - +1 leather armour
rPois   .          Reflect  +   b - +2 hat
rElec   .          Harm     .   (no cloak)
rCorr   .          Rampage  .   H - +0 pair of gloves
Will    ++...                   (no boots)
Stlth   ++++......              l - amulet of reflection
HPRegen 0.20/turn               j - ring of wizardry
MPRegen 0.21/turn               A - +4 ring of protection

@: no status effects
A: no striking features
a: Renounce Religion


You were on level 2 of the Orcish Mines.
You worshipped Vehumet.
Vehumet was extremely pleased with you.
You visited 3 branches of the dungeon, and saw 19 of its levels.
You also visited: Ossuary.

You collected 1975 gold pieces.
You spent 67 gold pieces at shops.

Inventory:

Hand Weapons
 h - the +9 dagger of Valiance (weapon) {vorpal, rN+ Will+ Dex+3}
   (You found it on level 9 of the Dungeon)

   It inflicts extra damage upon your enemies.
   Dex:       It affects your dexterity (+3).
   rN:        It protects you from negative energy.
   Will:      It increases your willpower.
 p - the +7 flail of Drought {freeze, Dex+3}
   (You found it on level 4 of the Dungeon)

   It freezes those it strikes, dealing additional cold damage.
   It can also slow down cold-blooded creatures.
   Dex:       It affects your dexterity (+3).
 B - a +3 short sword of flaming
Missiles
 d - 9 atropa-tipped darts
 v - a throwing net
Armour
 a - a +0 robe
 b - a +2 hat (worn)
 m - a +1 leather armour (worn)
 C - a +0 scale mail
 H - a +0 pair of gloves (worn)
 N - the +1 scale mail of the Black Moon {rPois Regen+ SInv}
   (You found it on level 10 of the Dungeon)

   rPois:     It protects you from poison.
   SInv:      It lets you see invisible.
   Regen:     It increases your rate of health regeneration.
 S - a +0 buckler
Jewellery
 f - an amulet of faith
 j - a ring of wizardry (left hand)
 l - an amulet of reflection (around neck)
 A - a +4 ring of protection (right hand)
 E - a ring of poison resistance
 F - a ring of see invisible
 K - an amulet of regeneration
 U - a +4 ring of protection
 V - a ring of willpower
Wands
 e - a wand of flame (16)
 I - a wand of charming (1)
 O - a wand of paralysis (4)
 W - a wand of mindburst (17)
Scrolls
 r - 7 scrolls of teleportation
 x - 2 scrolls of immolation
 y - 5 scrolls of amnesia
 z - 5 scrolls of enchant armour
 D - 2 scrolls of vulnerability
 J - 3 scrolls of magic mapping
 L - 2 scrolls of fog
 T - a scroll of enchant weapon
Potions
 c - 2 potions of brilliance
 g - 2 potions of curing
 i - 3 potions of resistance
 k - 4 potions of attraction
 n - 3 potions of lignification
 o - 2 potions of magic {unknown}
 q - 3 potions of heal wounds
 s - 3 potions of haste
 t - 4 potions of invisibility
 u - a potion of cancellation
 w - 6 potions of flight
 G - a potion of berserk rage {unknown}
 Q - 3 potions of ambrosia
Miscellaneous
 M - a phantom mirror
 P - a box of beasts


   Skills:
 - Level 7.0 Armour
 - Level 10.4 Dodging
 - Level 8.8 Stealth
 + Level 4.7 Shields
 - Level 10.9 Spellcasting
 - Level 12.5 Conjurations
 - Level 12.2 Hexes
 - Level 8.0 Translocations
 + Level 5.0 Fire Magic


You couldn't memorise any spells.
You knew the following spells:

 Your Spells              Type           Power      Damage    Failure   Level
a - Magic Dart            Conj           100%       1d8       1%          1
b - Searing Ray           Conj           100%       3d7       1%          2
c - Fulminant Prism       Conj/Hex       33%        3d16      1%          4
d - Iskenderun's Mystic   Conj/Tloc      60%        2d13      1%          4
e - Teleport Other        Tloc           52%        N/A       1%          3
f - Slow                  Hex            66%        N/A       1%          2
g - Invisibility          Hex            33%        N/A       2%          6
h - Fireball              Conj/Fire      27%        3d12      1%          5
i - Starburst             Conj/Fire      27%        8x6d9     3%          6

Your spell library contained the following spells:

 Spells                   Type           Power      Damage    Failure   Level
 Apportation              Tloc           100%       N/A       1%          1
 Confusing Touch          Hex            66%        N/A       1%          3
 Dazzling Flash           Conj/Hex       100%       N/A       1%          3
 Gell's Gravitas          Tloc           26%        N/A       1%          3
 Lesser Beckoning         Tloc           26%        N/A       1%          3
 Yara's Violent Unravell  Hex/Tmut       22%        3d10      1%          5
 Alistair's Intoxication  Tmut/Pois      8%         N/A       56%         5


Dungeon Overview and Level Annotations

Branches:
Dungeon (13/15)            Temple (0/1) D:7            Lair (4/6) D:10
 Spider (0/4) Lair:2          Orc (2/2) D:11            Elf (0/3) Orc:2
Ossuary (visited)
  Swamp: Lair:2-4    Shoals: Lair:2-4    Vaults: D:13-14

Altars:
Cheibriados
Dithmenos
Gozag
Hepliaklqana
Sif Muna
Trog
Vehumet
Xom
Zin
The Shining One

Shops:
D:5 :   Orc:2 ?!

Annotations:
D:3 2 transporters
D:4 4 runed translucent doors, Crazy Yiuf; Sin92's ghost, amateur DsFi; flotson's ghost, novice DsDe
D:7 2 exclusions
D:8 Joseph
D:9 exclusion: upstairs
D:12 exclusions: boulder beetle and cyclops
Lair:2 1 runed translucent door, Zonian's ghost, journeyman VSCj
Lair:4 1 transporter, Nessos


Message History

The orc knight is moderately wounded.
You hear a shout! x2
Your Fire Magic skill increases to level 5!
Casting: Slow (safe; 1% risk of failure)
Confirm with . or Enter, or press ? or * to list all spells.
Aiming: Fulminant Prism (safe; 1% risk of failure)
Press: ? - help, Dir - move target You conjure a prism of explosive energy!
A fulminant prism comes into view.
You hear a shout!
The orc knight shoots a bolt.
The bolt hits your fulminant prism!
Your fulminant prism crackles loudly.
The orc knight shoots a bolt.
The bolt hits your fulminant prism!
Your fulminant prism explodes!
The blast of energy engulfs the orc knight!!
The orc knight is severely wounded.
You hear a shout!
Casting: Fulminant Prism (safe; 1% risk of failure)
Confirm with . or Enter, or press ? or * to list all spells.
Aiming: Fulminant Prism (safe; 1% risk of failure)
Press: ? - help, Dir - move target You conjure a prism of explosive energy!
A fulminant prism comes into view.
You hear a shout!
The orc knight shoots a bolt.
The bolt hits you!!
Your fulminant prism crackles loudly.
The orc knight shoots a bolt.
The bolt hits you!
You hear a shout!
You hear an explosion!
You hear a shout! x3
Things that are here:
a +0 trident; a +0 plate armour; an orc corpse
Casting: Fulminant Prism (safe; 1% risk of failure)
Confirm with . or Enter, or press ? or * to list all spells.
Aiming: Slow (safe; 1% risk of failure)
Press: ? - help, Shift-Dir - straight line, f - orc knight
Aim: an orc knight, wielding a +0 arbalest, wearing a +0 plate armour and quivering bolts (almost dead, chance to affect: 74%)
The orc knight struggles to resist.
The orc knight shoots a bolt.
The bolt closely misses you.
The orc knight shoots a bolt.
The bolt hits you!!
You die...

#####.)###..)##.###
##..#####.##...#
##..###.######.##
##..###...# ###
##).###.#o#.#
##.)###...#...#
##))###...###)..#
##..###)..## #..*#
##..)..@).## #)..#
##.)..#...## #o..
##...#....## #)#
##∩.#.....## ..
#.....#..##
##∩.#.....## o.
##...#....## #.#
##....#...## #.o.
##.....)..## #...#


You could see an orc knight.

Vanquished Creatures
  3 hydras
  Erica (D:10)
  4 two-headed ogres
  2 centaur warriors (D:13)
  3 death yaks (D:10)
  2 orc high priests (Orc:2)
  2 sun demons (Orc:2)
  Nergalle (D:10)
  3 orc knights (Orc:2)
  A manticore (D:13)
  3 orc sorcerers
  2 cyclopes
  An ugly thing (D:11)
  Maurice (D:13)
  2 black mambas
  A black mamba (shapeshifter) (D:10)
  An orange demon (Orc:2)
  3 cane toads
  An unseen horror (D:5)
  Psyche (D:10)
  2 polar bears
  A hellwing (Orc:2)
  2 komodo dragons
  A tyrant leech (Lair:4)
  A troll (Orc:2)
  4 blink frogs
  2 wyverns
  Grum (D:11)
  23 yaks
  A steam dragon (D:7)
  2 basilisks
  4 vampire mosquitoes (D:12)
  6 wargs
  A swamp worm (Lair:4)
  An acid dragon (D:9)
  11 water moccasins
  Duvessa (D:5)
  29 orc warriors
  A sky beast (D:7)
  An ice beast (D:5)
  2 black bears (D:5)
  13 wolves
  11 ogres
  15 centaurs
  3 phantoms
  7 bullfrogs
  A gnoll sergeant (D:10)
  A scorpion (D:4)
  A wyvern skeleton (D:6)
  5 water moccasin zombies (Ossuary)
  Dowan (D:5)
  6 wights
  A howler monkey (D:8)
  5 centaur zombies
  4 hounds
  A jelly (D:4)
  A bullfrog zombie (D:5)
  2 bullfrog skeletons
  20 orc priests
  4 iguanas
  Natasha (thrice) (D:2)
  A scorpion zombie (D:5)
  19 orc wizards
  8 hell rats
  2 killer bee zombies
  8 ogre zombies (D:11)
  2 mummies (Ossuary)
  A howler monkey zombie (D:9)
  7 gnolls
  2 howler monkey skeletons
  4 adders
  A white imp (D:5)
  2 ufetubi
  6 adder zombies (Ossuary)
  2 dart slugs
  52 orcs
  5 ball pythons
  6 endoplasms
  2 giant cockroaches (D:2)
  6 gnoll zombies (Ossuary)
  6 goblins
  3 hobgoblins
  3 jackals
  3 kobolds
  4 quokkas
  3 bats (D:3)
  A frilled lizard (D:2)
  3 goblin skeletons (D:11)
  4 goblin zombies (D:11)
  6 hobgoblin zombies
  2 kobold zombies (Ossuary)
  4 orc skeletons (D:11)
  14 orc zombies
  2 rats
  A fulminant prism (D:10)
435 creatures vanquished.

Vanquished Creatures (others)
  176 fulminant prisms
  15 fungi
  12 plants
203 creatures vanquished.

Grand Total: 638 creatures vanquished

Notes
Turn   | Place    | Note
-------+----------+-------------------------------------------
     0 | D:1      | octoduck the Deep Elf Conjurer began the quest for the Orb.
     0 | D:1      | Reached XP level 1. HP: 10/10 MP: 6/6
   587 | D:1      | Found a faded altar of an unknown god.
   593 | D:1      | Reached XP level 2. HP: 15/15 MP: 6/8
   869 | D:1      | Reached skill level 5 in Conjurations
  1228 | D:1      | Learned a level 2 spell: Searing Ray
  1229 | D:2      | Noticed Natasha
  1817 | D:2      | Killed Natasha
  1818 | D:2      | Reached XP level 3. HP: 19/19 MP: 5/9
  1975 | D:2      | Noticed Natasha
  1977 | D:2      | Killed Natasha
  1978 | D:2      | Reached XP level 4. HP: 18/24 MP: 6/10
  2011 | D:2      | Noticed Natasha
  2030 | D:2      | Killed Natasha
  2069 | D:2      | Learned a level 4 spell: Fulminant Prism
  2070 | D:3      | Found a snail-covered altar of Cheibriados.
  2230 | D:3      | Found a transporter.
  2570 | D:3      | Found a transporter.
  2851 | D:3      | Reached skill level 1 in Hexes
  3307 | D:4      | Found a sand-covered staircase.
  3325 | D:4      | Identified the +7 flail of Drought {freeze, Dex+3}
  3432 | Ossuary  | Entered an ossuary
  3523 | Ossuary  | Reached XP level 5. HP: 28/28 MP: 7/11
  3624 | Ossuary  | Reached XP level 6. HP: 16/32 MP: 3/12
  4825 | D:4      | Found a runed translucent door.
  4826 | D:4      | Noticed Crazy Yiuf
  4923 | D:4      | Reached skill level 5 in Hexes
  4983 | D:4      | Reached XP level 7. HP: 36/36 MP: 11/13
  5234 | D:4      | Found a runed translucent gate.
  5234 | D:4      | Found a runed translucent gate.
  5234 | D:4      | Found a runed translucent gate.
  5235 | D:4      | Noticed flotson's ghost (novice DsDe)
  5311 | D:4      | Noticed Sin92's ghost (amateur DsFi)
  5911 | D:5      | Entered Level 5 of the Dungeon
  7432 | D:5      | Reached XP level 8. HP: 41/41 MP: 9/14
  7565 | D:5      | Noticed Dowan
  7650 | D:5      | Noticed Duvessa
  7650 | D:5      | Killed Dowan
  8299 | D:5      | Found a radiant altar of Vehumet.
  8308 | D:5      | Became a worshipper of Vehumet
  8387 | D:5      | Killed Duvessa
  8388 | D:5      | Reached skill level 10 in Conjurations
  8672 | D:5      | Killed an unseen horror
  8673 | D:5      | Reached skill level 5 in Dodging
  9233 | D:5      | Found Disisico's Book Boutique.
  9249 | D:5      | Found a shadowy altar of Dithmenos.
  9451 | D:5      | Reached XP level 9. HP: 45/45 MP: 11/15
  9483 | D:5      | Learned a level 4 spell: Iskenderun's Mystic Blast
  9496 | D:5      | Found a shimmering altar of Xom.
  9711 | D:5      | Reached skill level 1 in Translocations
 10532 | D:6      | Found an opulent altar of Gozag.
 10855 | D:6      | Learned a level 3 spell: Teleport Other
 11326 | D:7      | Reached * piety under Vehumet
 11326 | D:7      | Offered knowledge of Shock by Vehumet.
 11877 | D:7      | Found a staircase to the Ecumenical Temple.
 12031 | D:7      | Reached skill level 5 in Translocations
 12177 | D:7      | Found a glowing golden altar of the Shining One.
 12673 | D:8      | Noticed Joseph
 12882 | D:8      | Paralysed by a hornet for 3 turns
 12885 | D:7      | HP: 2/45 [poisoned by a hornet]
 13690 | D:9      | Noticed a two-headed ogre
 13758 | D:9      | Found a bloodstained altar of Trog.
 13955 | D:9      | Identified the +9 dagger of Valiance {vorpal, rN+ Will+
                  | Dex+3}
 13977 | D:9      | Found a glowing silver altar of Zin.
 14310 | D:10     | Entered Level 10 of the Dungeon
 14387 | D:10     | Noticed a death yak
 14462 | D:10     | Noticed Psyche
 14563 | D:9      | Killed a two-headed ogre
 14564 | D:9      | Reached XP level 10. HP: 50/50 MP: 7/16
 15076 | D:10     | Killed Psyche
 15077 | D:10     | Reached skill level 10 in Dodging
 15077 | D:10     | Reached skill level 5 in Stealth
 15631 | D:10     | Identified the +1 scale mail of the Black Moon {rPois
                  | Regen+ SInv}
 15705 | D:10     | Found a hazy altar of Hepliaklqana.
 15709 | D:10     | Noticed Nergalle
 15748 | D:10     | Killed Nergalle
 15749 | D:10     | Reached skill level 1 in Armour
 16088 | D:10     | Noticed Erica
 16099 | D:10     | Killed Erica
 16100 | D:10     | Reached skill level 5 in Spellcasting
 16346 | D:10     | Found a staircase to the Lair.
 17020 | D:10     | Noticed a death yak
 17104 | D:10     | Killed a death yak
 17105 | D:10     | Reached XP level 11. HP: 54/54 MP: 7/23
 17264 | D:10     | Noticed a death yak
 17976 | D:10     | Killed a death yak
 18159 | D:10     | Killed a death yak
 18160 | D:10     | Reached skill level 5 in Armour
 18357 | Lair:1   | Entered Level 1 of the Lair of Beasts
 18419 | Lair:1   | Learned a level 2 spell: Slow
 19325 | Lair:1   | Noticed a five-headed hydra
 19396 | Lair:1   | Killed a five-headed hydra
 20185 | Lair:2   | Found the +8 Vampire's Tooth {vamp}
 20245 | Lair:2   | Noticed Zonian's ghost (journeyman VSCj)
 20247 | Lair:2   | Found a runed translucent door.
 20951 | Lair:2   | Found a hole to the Spider Nest.
 20960 | Lair:2   | Noticed a four-headed hydra
 21243 | Lair:2   | Killed a four-headed hydra
 21992 | Lair:3   | Learned a level 6 spell: Invisibility
 22483 | Lair:3   | Reached XP level 12. HP: 57/59 MP: 13/25
 23448 | Lair:4   | Noticed a six-headed hydra
 23525 | Lair:4   | Noticed Nessos
 23541 | Lair:3   | Killed a six-headed hydra
 23541 | Lair:3   | Offered knowledge of Poisonous Vapours by Vehumet.
 23681 | Lair:4   | Found a transporter.
 23817 | Lair:4   | Reached skill level 10 in Hexes
 23848 | Lair:4   | Reached ** piety under Vehumet
 24194 | Lair:4   | Reached skill level 10 in Spellcasting
 24285 | Lair:3   | Upgraded the game from 0.27-a0-1590-g15f69828bf to
                  | 0.27-a0-1591-gc56fcc985a
 24794 | D:11     | Noticed Grum
 24834 | D:11     | Killed Grum
 25028 | D:11     | Noticed a two-headed ogre
 25058 | D:11     | Killed a two-headed ogre
 25353 | D:11     | Identified the +8 flail of the Dungeon {venom, *Noise rF+
                  | rN+ Will+}
 25401 | D:11     | Offered knowledge of Frozen Ramparts by Vehumet.
 25492 | D:11     | Reached *** piety under Vehumet
 25653 | D:11     | Offered knowledge of Sticky Flame by Vehumet.
 25663 | D:11     | Found a staircase to the Orcish Mines.
 25869 | Orc:1    | Entered Level 1 of the Orcish Mines
 25978 | Orc:1    | Noticed a two-headed ogre
 26452 | D:12     | Noticed a boulder beetle
 26455 | D:12     | Upgraded the game from 0.27-a0-1591-gc56fcc985a to
                  | 0.27-a0-1595-g0b823d0a13
 27820 | D:13     | Noticed a two-headed ogre
 27845 | D:13     | Killed a two-headed ogre
 27845 | D:13     | Reached **** piety under Vehumet
 27951 | D:13     | Noticed Maurice
 27951 | D:13     | Noticed a centaur warrior
 27957 | D:13     | Killed a centaur warrior
 27958 | D:13     | Reached XP level 13. HP: 43/63 MP: 26/29
 27968 | D:13     | Killed Maurice
 28797 | D:11     | Reached skill level 1 in Shields
 28961 | D:11     | Offered knowledge of Fireball by Vehumet.
 28979 | D:11     | Learned a level 5 spell: Fireball
 29623 | Orc:2    | Entered Level 2 of the Orcish Mines
 29643 | Orc:2    | Found a staircase to the Elven Halls.
 31192 | Orc:2    | Reached skill level 1 in Fire Magic
 31289 | Orc:2    | Upgraded the game from 0.27-a0-1595-g0b823d0a13 to
                  | 0.28-a0-2-g643f2454ad
 31714 | Orc:2    | Found a shimmering blue altar of Sif Muna.
 32730 | Orc:2    | Reached ***** piety under Vehumet
 32978 | Orc:2    | Found Oseshru's Magic Scroll Shop.
 32979 | Orc:2    | Found Ocvadil's Distillery.
 33029 | Orc:2    | Offered knowledge of Starburst by Vehumet.
 33945 | Orc:2    | Bought a potion of lignification for 39 gold pieces
 33947 | Orc:2    | Bought a scroll of identify for 28 gold pieces
 34261 | Orc:2    | Learned a level 6 spell: Starburst
 34466 | Orc:2    | Paralysed by an orc sorcerer for 7 turns
 34607 | Orc:2    | Reached skill level 5 in Fire Magic
 34618 | Orc:2    | Shot with a bolt by an orc knight

Illustrated notes

Levels and vault maps discovered:
D:1:      scummos_arrival_star, layout_loops_corners,
          shapermc_ecumenical_altar_acropolis
D:2:      layout_rooms, uniq_natasha
D:3:      gammafunk_steamed_eel, layout_basic, mainiacjoe_overflow_boulevard,
          hex_intersection
D:4:      layout_loops_cross, nicolae_ossuary_entry_monument,
          gammafunk_ghost_cemetery, uniq_crazy_yiuf_cottage
D:5:      layout_cave_pools, nicolae_vehumet_altar_sigil, tgw_xom,
          mainiacjoe_overflow_six_doors_small, serial_shops,
          nicolae_diamond_shop, minmay_misc_feat_alley, grunt_ministairs_12,
          uniq_duvessa
D:6:      layout_rooms, kennysheep_mini_moat
D:7:      layout_gridville, overflow_temple_1_default,
          minmay_temple_entry_poolview
D:8:      layout_cave_pools, uniq_joseph
D:9:      layout_big_octagon, bloody_trog, zin_statuary
D:10:     layout_stronghold, old_standard_altar, dpeg_lair_monsters,
          minmay_circle_x, uniq_nergalle, uniq_psyche, uniq_erica
D:11:     layout_loops_ring, zombieorc2_lemuel, uniq_grum
D:12:     layout_stronghold
D:13:     layout_roguey, uniq_maurice
Lair:1:   layout_chaotic_city
Lair:2:   layout_regular_city, dummy_spider_entry,
          hellmonk_ghost_happy_afterlife, grunt_megastairs_3
Lair:3:   layout_misc_corridors
Lair:4:   gammafunk_cloud_chamber, layout_hall_layers, minmay_swamp_entry_worms,
          uniq_nessos
Orc:1:    layout_caves
Orc:2:    pf_orc_diabolical, layout_diamond_mine, kennysheep_orc_sif_temple

Skill      XL: |  1  2  3  4  5  6  7  8  9 10 11 12 13 |
---------------+----------------------------------------+-----
Conjurations   | 5 6 7 8 9 10 12 | 12.5
Hexes          | 1 3 5 7 8 11 12 | 12.2
Dodging        | 5 9 10 | 10.4
Translocations | 6 8 |  8.0
Stealth        | 4 6 8 |  8.8
Armour         | 3 6 7 |  7.0
Spellcasting   | 7 10 | 10.9
Shields        | 4 |  4.7
Fire Magic     | 5 |  5.0

Action                   |  1- 3 |  4- 6 |  7- 9 | 10-12 | 13-15 || total
-------------------------+-------+-------+-------+-------+-------++-------
Melee: Flail             |       |    11 |    14 |       |       ||    25
       Dagger            |       |       |       |   112 |   114 ||   226
 Cast: Magic Dart        |    39 |    43 |   102 |    63 |   108 ||   355
       Searing Ray       |     2 |    17 |    44 |    83 |    46 ||   192
       Fulminant Prism   |       |       |    42 |    97 |    38 ||   177
       Iskenderun's Myst |       |       |     2 |    25 |    13 ||    40
       Teleport Other    |       |       |     2 |       |       ||     2
       Slow              |       |       |       |    45 |    28 ||    73
       Invisibility      |       |       |       |       |     8 ||     8
       Fireball          |       |       |       |       |     7 ||     7
Evoke: Wand              |       |       |     2 |       |       ||     2
  Use: Scroll            |     6 |     5 |    13 |     4 |     3 ||    31
       Potion            |       |       |     1 |     3 |       ||     4
 Stab: Sleeping          |       |       |       |     1 |     1 ||     2
       Distracted        |       |       |       |       |     1 ||     1
Armor: Robe              |       |    10 |    31 |    11 |       ||    52
       Leather armour    |       |       |       |    30 |    28 ||    58
       Scale mail        |       |       |       |    84 |     7 ||    91
Dodge: Dodged            |     2 |    19 |    69 |   147 |   141 ||   378
Block: Other             |       |     1 |    21 |    77 |    46 ||   145
       Reflection        |       |       |       |     3 |    15 ||    18

Table legend: (Time is in decaauts)
 A = Elapsed time spent in this place.
 B = Non-inter-level travel time spent in this place.
 C = Inter-level travel time spent in this place.
 D = Time resting spent in this place.
 E = Time spent auto-exploring this place.
 F = Levels seen in this place.
 G = Mean time per level.
                   A        B        C        D        E       F      G
               +--------+--------+--------+--------+--------+-----+--------+
         Total |  34727 |  30502 |   4225 |  13408 |   7575 |  20 | 1736.3 |
       Dungeon |  22647 |  19411 |   3236 |   8150 |   5515 |  13 | 1742.1 |
          Lair |   5436 |   4840 |    596 |   1813 |   1477 |   4 | 1359.0 |
  Orcish Mines |   5263 |   4870 |    393 |   2419 |    583 |   2 | 2631.5 |
       Ossuary |   1380 |   1380 |      0 |   1026 |      0 |   1 | 1380.0 |
               +--------+--------+--------+--------+--------+-----+--------+

Top non-repeatable levels by time:
   Orc:2: 4667 daAuts
    D:10: 3677 daAuts
     D:4: 3106 daAuts
    D:11: 2687 daAuts
     D:5: 2352 daAuts
     D:7: 2287 daAuts
  Lair:2: 2084 daAuts
  Lair:3: 1809 daAuts
     D:9: 1790 daAuts
    D:12: 1540 daAuts
 Ossuary: 1380 daAuts
     D:1: 1378 daAuts
  Lair:1: 1318 daAuts
     D:3: 1210 daAuts
     D:6: 1091 daAuts
